 Dungeon Crawl Stone Soup version 0.27.1-34-g3ba077fa99 (webtiles) character file.

Game seed: 4968656707261679362

99324 melkoren the Fencer (level 15, -13/122 HPs)
             Began as a Demonspawn Gladiator on Jan 17, 2022.
             Was the Champion of Dithmenos.
             Killed from afar by Roxanne (41 damage)
             ... with a crystal spear
             ... on level 15 of the Dungeon.
             The game lasted 02:07:22 (28605 turns).

melkoren the Fencer (Demonspawn Gladiator)         Turns: 28605, Time: 02:07:22

Health: -13/122    AC: 19    Str: 18    XL:     15   Next: 77%
Magic:  0/15       EV: 21    Int:  9    God:    Dithmenos [******]
Gold:   2157       SH:  0    Dex: 26    Spells: 14/14 levels left

rFire    . . .     SeeInvis .   V - +0 great sword
rCold    + . .     Faith    .   (shield currently unavailable)
rNeg     . . .     Spirit   +   b - +0 acid dragon scales
rPois    +         Reflect  .   e - +1 helmet
rElec    .         Harm     .   z - +1 cloak
rCorr    +         Rampage  .   u - +2 pair of gloves
Will     ++...                  M - +0 pair of boots
Stlth    +.........             G - amulet of guardian spirit
HPRegen  0.30/turn              C - ring of protection from cold
MPRegen  0.14/turn              x - ring of the Harvest {Fly rPois Will+ Dex+4 Stlth-}

@: about to teleport, flying, wreathed by umbra
A: talons 2, molten scales 2, icemail 1, spiny 2, condensation shield, strong 2
a: Renounce Religion, Shadow Step, Shadow Form


You were on level 15 of the Dungeon.
You worshipped Dithmenos.
Dithmenos was exalted by your worship.
You visited 4 branches of the dungeon, and saw 24 of its levels.
You visited 1 bazaar.
You also visited: Bailey.

You collected 2741 gold pieces.
You spent 584 gold pieces at shops.


Innate Abilities, Weirdness & Mutations

You have razor-sharp toenails.
You are mostly covered in molten scales. (AC +3)
A meltable icy envelope protects you from harm. (AC +0)
You are mostly covered in sharp spines.
A meltable shield of frost defends you. (SH +0)
Your muscles are very strong. (Str +4)


   Skills:
 - Level 12.5 Fighting
 * Level 17.8 Long Blades
 - Level 1.7 Throwing
 - Level 6.4 Armour
 + Level 11.0 Dodging
 - Level 4.0 Shields
 + Level 7.5 Evocations


You had 14 spell levels left.
You didn't know any spells.
Your spell library contained the following spells:

 Spells                   Type           Power      Damage    Failure   Level
 Shock                    Conj/Air       0%         1d3       45%         1
 Summon Small Mammal      Summ           0%         N/A       45%         1
 Corpse Rot               Necr/Air       N/A        N/A       61%         2
 Ensorcelled Hibernation  Hex/Ice        0%         N/A       61%         2
 Slow                     Hex            0%         N/A       61%         2
 Sublimation of Blood     Necr           0%         N/A       61%         2
 Wereblood                Tmut           0%         N/A       61%         2
 Call Canine Familiar     Summ           0%         N/A       83%         3
 Confusing Touch          Hex            0%         N/A       83%         3
 Conjure Flame            Conj/Fire      0%         6-21      83%         3
 Gell's Gravitas          Tloc           0%         N/A       83%         3
 Ignite Poison            Fire/Tmut/Pois 0%         N/A       83%         3
 Lesser Beckoning         Tloc           0%         N/A       83%         3
 Mephitic Cloud           Conj/Pois/Air  0%         N/A       83%         3
 Spider Form              Tmut/Pois      0%         N/A       83%         3
 Stone Arrow              Conj/Erth      0%         3d7       83%         3
 Summon Guardian Golem    Hex/Summ       0%         N/A       83%         3
 Swiftness                Air            0%         N/A       83%         3
 Teleport Other           Tloc           0%         N/A       83%         3
 Tukima's Dance           Hex            0%         N/A       83%         3
 Airstrike                Air            0%         N/A       99%         4
 Animate Armour           Summ/Erth      0%         N/A       99%         4
 Dispel Undead            Necr           0%         3d6       99%         4
 Passage of Golubria      Tloc           N/A        N/A       99%         4
 Sticky Flame             Conj/Fire      0%         2d3       99%         4
 Bolt of Magma            Conj/Fire/Erth 0%         4d4       100%        5
 Yara's Violent Unravell  Hex/Tmut       0%         3d3       100%        5
 Death Channel            Necr           0%         N/A       100%        6
 Shadow Creatures         Summ           N/A        N/A       100%        6
 Summon Hydra             Summ           0%         N/A       100%        7
 Lehudib's Crystal Spear  Conj/Erth      0%         10d2      100%        8

Inventory:

Hand Weapons
 J - the +6 dagger of Ymyurusm {vorpal, rElec rCorr Int+2 Stlth-}
   (You found it in a bailey)

   It inflicts extra damage upon your enemies.
   Int:       It affects your intelligence (+2).
   rElec:     It insulates you from electricity.
   rCorr:     It protects you from acid and corrosion.
   Stlth:     It makes you less stealthy.
 V - a +0 great sword (weapon)
   (You found it on level 2 of the Lair of Beasts)
Missiles
 a - 53 stones
 d - 2 poisoned darts
 f - 2 curare-tipped darts {=f}
 g - 375 arrows
 o - 17 bolts
 p - 5 boomerangs (quivered)
Armour
 b - +0 acid dragon scales (worn)
   (You found it on level 13 of the Dungeon)
 c - a scarf of shadows
   (You bought it in a shop on level 2 of the Orcish Mines)
 e - a +1 helmet (worn)
 h - a +4 ring mail of fire resistance
   (You acquired it on level 1 of the Dungeon)
 u - a +2 pair of gloves (worn)
   (You found it on level 7 of the Dungeon)
 z - a +1 cloak (worn)
   (You bought it in a shop on level 6 of the Dungeon)
 M - a +0 pair of boots (worn)
   (You found it on level 6 of the Lair of Beasts)
Magical Staves
 F - a staff of cold {!a}
   (You found it on level 15 of the Dungeon)
Jewellery
 v - a ring of see invisible
   (You found it on level 8 of the Dungeon)
 x - the ring of the Harvest (right hand) {Fly rPois Will+ Dex+4 Stlth-}
   (You found it on level 4 of the Lair of Beasts)

   [ring of flight]

   Dex:       It affects your dexterity (+4).
   rPois:     It protects you from poison.
   Fly:       It grants you flight.
   Will:      It increases your willpower.
   Stlth:     It makes you less stealthy.
 C - a ring of protection from cold (left hand)
   (You found it on level 2 of the Lair of Beasts)
 D - a +6 ring of dexterity
   (You found it on level 6 of the Dungeon)
 E - a +4 ring of evasion
   (You found it on level 3 of the Dungeon)
 G - an amulet of guardian spirit (around neck)
   (You found it on level 4 of the Dungeon)
 I - a +6 ring of intelligence
   (You took it off a meliai on level 11 of the Dungeon)
 N - a ring of positive energy
   (You found it on level 6 of the Dungeon)
 P - a ring of poison resistance
   (You found it on level 2 of the Dungeon)
 R - a ring of resist corrosion
   (You found it on level 3 of the Dungeon)
 S - a +6 ring of strength
   (You found it on level 10 of the Dungeon)
 Z - a ring of wizardry
   (You found it on level 13 of the Dungeon)
Wands
 r - a wand of mindburst (24)
   (You found it on level 4 of the Dungeon)
 y - a wand of flame (53)
   (You found it on level 5 of the Dungeon)
 B - a wand of paralysis (14)
   (You took it off an orc on level 6 of the Dungeon)
 Q - a wand of acid (10)
   (You found it on level 6 of the Dungeon)
 X - a wand of polymorph (12)
   (You found it on level 3 of the Lair of Beasts)
Scrolls
 i - 4 scrolls of fear
 l - 3 scrolls of immolation {!r!r}
 n - 6 scrolls of blinking {!r}
 s - 7 scrolls of teleportation {@r4}
 t - 3 scrolls of fog
 H - 3 scrolls of identify {@r1}
 Y - 3 scrolls of silence {!r}
Potions
 j - a potion of magic
 k - 11 potions of curing {@q1}
 q - 2 potions of haste {@q3}
 w - 4 potions of attraction {!q}
 A - 2 potions of mutation {!q}
 K - 3 potions of lignification {!q}
 L - a potion of flight
 O - 13 potions of ambrosia
 T - 2 potions of cancellation
 W - a potion of brilliance
Miscellaneous
 m - a tin of tremorstones (2/2)
   (You found it on level 10 of the Dungeon)

Dungeon Overview and Level Annotations

Branches:
Dungeon (15/15)            Temple (1/1) D:5            Lair (6/6) D:8
 Shoals (0/4) Lair:4        Snake (0/4) Lair:3        Slime (0/5) Lair:5
    Orc (2/2) D:12            Elf (0/3) Orc:2        Vaults (0/5) D:13
 Bailey (visited)
 Depths: D:15

Altars:
Ashenzari
Cheibriados
Dithmenos
Elyvilon
Fedhas
Gozag
Hepliaklqana
Kikubaaqudgha
Makhleb
Nemelex Xobeh
Okawaru
Qazlal
Ru
Sif Muna
Trog
Uskayaw
Vehumet
Wu Jian
Xom
Yredelemnul
Zin
The Shining One
Jiyva

Shops:
D:6 [   D:12 ?   Orc:2 [([=

Portals:
Abyss: Orc:2

Annotations:
D:15 Roxanne
Lair:5 1 runed translucent door, exclusion: 2 oklob plants, Worhasm's ghost, journeyman CeAM
Orc:2 2 transporters, shadowrider38's ghost, journeyman VSBe

....###.# ##...#..# ##
##.##.#.# . ##.##.#.###
.# ##.##.....# #.##
##.####.#.# ###...#
#.####.#.# ##§§§..#
##......#.# #§§8...#
.....####.# ##§@c§..##
..........####§§§§§.....
......##......§§§§§.....
......##.#####..........
......##.≈≈≈######...###
###≈.#.#..≈## ...#
#≈≈##).#..# ####
##≈≈##...## #.≈##≈###


You could see Roxanne and a yaktaur (fleeing).


Message History

Your shadow hits the slime creature with a great sword!
You hit the slime creature.
Your shadow hits the slime creature with a great sword!
You kill the slime creature!
Dithmenos accepts your kill.
The slime creature hits you but does no damage.
The slime creature is struck by your spines.
The slime creature misses you.
You riposte.
You slice the slime creature!!
Things that are here:
a +0 battleaxe; a +0 ring mail; a tengu corpse 😕 HP[+1]
You slash the slime creature!
You kill the slime creature!
Dithmenos accepts your kill.
Things that are here:
a +0 battleaxe; a +0 ring mail; a tengu corpse 😕 HP[+1] MP[+1]
Your mp is fully restored (15).
L - a potion of flight 😎 HP[+19]
Your hp is fully restored (122).
g - 375 arrows (gained 23)
Found a stone staircase leading up.
Y - 3 scrolls of silence {!r} (gained 1)
You reach down and open the door.
There is an open door here.
You reach down and open the door.
There is an open door here.
Roxanne, Geomancer Emeritus comes into view.
Marking area around Roxanne as unsafe for travelling.
You remove your +4 ring of evasion.
C - a ring of protection from cold (left hand)
A yaktaur comes into view.
Roxanne casts a spell.
You blink.
No reachable target in view!
The yaktaur shouts!
The yaktaur wields a +0 arbalest.
The yaktaur shoots a bolt.
The bolt hits you! 😕 HP[-12] MP[-2]
You take 12 damage, and now have 110/122 hp.
You lost 2 mp, and now have 13/15 mp.
You completely miss Roxanne.
Your shadow hits Roxanne but does no damage.
The yaktaur shoots a bolt.
The bolt hits you but does no damage.
You slice Roxanne!!
Your shadow hits Roxanne with a great sword!
You completely miss Roxanne.
Your shadow hits Roxanne but does no damage. 😕 HP[+1]
You completely miss Roxanne.
Your shadow hits Roxanne but does no damage.
The yaktaur shoots a bolt.
The bolt misses you.
Roxanne casts a spell.
The iron shot hits you!! 😮 HP[-29] MP[-3]
You take 29 damage, and now have 82/122 hp.
MASSIVE DAMAGE!! (PAUSE)
You lost 3 mp, and now have 10/15 mp.
You hit Roxanne but do no damage.
The yaktaur shoots a bolt.
The bolt closely misses you.
You hit Roxanne but do no damage.
The yaktaur shoots a bolt.
The bolt misses you.
You hit Roxanne but do no damage. 😮 HP[+1] Unknown command.
You hit Roxanne but do no damage.
Roxanne mumbles some strange words.
The bolt of magma hits you!!
Your icy defenses dissipate!
* * * LOW HITPOINT WARNING * * *
You emit a cloud of dark smoke. 😨 HP[-26] MP[-3]
You take 26 damage, and now have 57/122 hp.
MASSIVE DAMAGE!! (PAUSE)
You lost 3 mp, and now have 7/15 mp.
You hit Roxanne.
The yaktaur unwields a +0 arbalest.
The yaktaur is struck by your spines. The yaktaur barely misses you. 😨 MP[+1]
You slash the yaktaur!
Your shadow hits the yaktaur with a great sword!
Roxanne mumbles some strange words.
The bolt of magma hits you!!
* * * LOW HITPOINT WARNING * * *
You emit a cloud of dark smoke.
The yaktaur barely misses you. 😱 HP[-30] MP[-4]
You take 30 damage, and now have 27/122 hp.
MASSIVE DAMAGE!! (PAUSE)
You lost 4 mp, and now have 4/15 mp.
As you read the scroll of teleportation {@r4}, it crumbles to dust.
You feel strangely unstable.
Roxanne mumbles some strange words.
The iron shot misses you. The yaktaur is struck by your spines.
The yaktaur misses you. 😱 HP[+1]
As you read the scroll of fear, it crumbles to dust.
You assume a fearsome visage.
Roxanne is unaffected.
The yaktaur looks frightened!
Roxanne mumbles some strange words.
The crystal spear hits you!!!
You die...

Skill      XL: |  1  2  3  4  5  6  7  8  9 10 11 12 13 14 15 |
---------------+----------------------------------------------+-----
Long Blades    | 3 4 5 6 8 9 11 12 14 15 16 17 | 17.8
Fighting       | 3 4 5 6 7 8 10 11 12 | 12.5
Armour         | 1 2 3 4 6 |  6.4
Dodging        | 3 5 7 8 10 11 | 11.0
Shields        | 4 |  4.0
Evocations     | 5 7 |  7.5
Throwing       | |  1.7

Action                   |  1- 3 |  4- 6 |  7- 9 | 10-12 | 13-15 || total
-------------------------+-------+-------+-------+-------+-------++-------
Melee: Long sword        |    73 |   136 |   225 |   643 |   531 ||  1608
       Kick              |     9 |    49 |   123 |   490 |   224 ||   895
       Unarmed           |     2 |       |       |       |       ||     2
       Dagger            |       |       |    15 |    63 |    53 ||   131
       Spear             |       |       |       |    10 |       ||    10
       Great sword       |       |       |       |       |   787 ||   787
Throw: Stone             |    56 |    28 |       |       |       ||    84
       Boomerang         |       |     9 |   113 |    52 |    18 ||   192
Invok: Shadow Step       |       |       |       |     1 |     2 ||     3
Evoke: Wand              |       |       |       |     3 |     5 ||     8
  Use: Scroll            |     4 |     5 |     4 |     4 |    14 ||    31
       Potion            |     1 |     1 |     7 |     3 |    11 ||    23
 Stab: Sleeping          |       |       |       |     2 |       ||     2
       Distracted        |       |       |       |     3 |       ||     3
       Petrified         |       |       |       |       |     7 ||     7
       Petrifying        |       |       |       |       |     2 ||     2
Armor: Leather armour    |    31 |       |       |       |       ||    31
       Skin              |    12 |       |       |       |     3 ||    15
       Ring mail         |     4 |    47 |    91 |   170 |   301 ||   613
       Acid dragon scale |       |       |       |       |    47 ||    47
Dodge: Dodged            |    57 |    73 |   254 |   543 |  1175 ||  2102
Block: Other             |    23 |    28 |    52 |   106 |   158 ||   367
       Buckler           |       |       |       |       |   232 ||   232
       Rpst.: Long sword |    15 |    23 |    36 |   128 |    76 ||   278
       Great sword       |       |       |       |       |   211 ||   211

Levels and vault maps discovered:
D:1:      dpeg_arrival_signposts, layout_rooms, serial_aquarium,
          aquarium_bridge_square [aquarium_subvault_wall,
          aquarium_subvault_wall, aquarium_subvault_bridge,
          aquarium_subvault_bridge], aquarium_window_fake, aquarium_window_fake,
          aquarium_window_double, aquarium_view_2g, aquarium_pool_2,
          shapermc_ecumenical_altar_petra
D:2:      layout_rooms, uniq_jessica, uniq_robin
D:3:      minmay_chambers_of_twos, layout_basic, minmay_misc_feat_secret_circle
D:4:      minmay_chambers_of_threes, layout_cave_pools, grunt_ministairs_15
D:5:      kennysheep_big_flooded_room, layout_cave_pods,
          ashenzari_conservatory_becter, minmay_temple_entry_statues_pillars
D:6:      layout_cave_pools, minitemple, serial_shops, nicolae_stop_n_shop_2,
          uniq_edmund
D:7:      layout_cave_pools, enter_bailey_2
D:8:      layout_gridville, lair_entry_dummy
D:9:      layout_stronghold, jmf_multi_god_temple
D:10:     layout_basic, kennysheep_cross_bottleneck
D:11:     layout_rooms, serial_shops, bzr_entry_road, nicolae_ru_awakened_eye
D:12:     layout_cave_pods, hiddenorc2_lemuel, serial_shops,
          nicolae_shop_behind_doors
D:13:     layout_roguey [special_room_bee], ximxim_vaults_locker_room,
          kennysheep_pointless_box, kennysheep_cluttered_room,
          nicolae_elyvilon_peaceful_grove, uniq_sonja
D:14:     layout_irregular_city, uniq_azrael, uniq_frances
D:15:     grunt_enter_depths_snipers, layout_loops_cross, serial_rivers,
          chequers_serial_rivers_large_b, chequers_serial_rivers_small_3,
          chequers_serial_rivers_room_b, chequers_serial_rivers_small_b,
          chequers_serial_rivers_small_b, chequers_serial_rivers_room_b,
          kennysheep_kite_vault, uniq_louise, uniq_roxanne
Temple:   nicolae_temple_elliptical
Lair:1:   layout_roguey
Lair:2:   layout_hall_layers, pond, lemuel_fruit_fields, serial_bayou_shore_b,
          grunt_megastairs_4, serial_bayou_shore_b
Lair:3:   lemuel_reptile_caves, layout_regular_city,
          minmay_snake_entry_guardpost_medium, serial_bayou_shore_b,
          infiniplex_staircase_pool, uniq_fannar
Lair:4:   layout_small_grid, elwin_shoals_entry_rooms, minivault_23,
          grunt_megastairs_1
Lair:5:   layout_regular_city, slime_altar_1, ebering_ghost_reflecting_pool,
          minmay_lair_oklob_chamber, serial_bayou_shore_b
Lair:6:   grunt_lair_end_beastmaster, layout_cave_pods,
          portal_ice_cave_entry_animals_and_master
Orc:1:    layout_caves, uniq_erica
Orc:2:    grunt_orc_tribal_feast, layout_diamond_mine,
          gammafunk_ghost_abyssal_escape

Notes
Turn   | Place    | Note
-------+----------+-------------------------------------------
     0 | D:1      | melkoren the Demonspawn Gladiator began the quest for the
                  | Orb.
     0 | D:1      | Reached XP level 1. HP: 16/16 MP: 1/1
     0 | D:1      | magus.rc [v1.11.3]
    98 | D:1      | Gained mutation: A meltable shield of frost defends you.
                  | (SH +0) [demonic ancestry]
    98 | D:1      | Reached XP level 2. HP: 8/22 MP: 2/2
   343 | D:1      | Reached skill level 3 in Long Blades
   463 | D:1      | You pick up a book of Blood and begin reading...
   463 | D:1      | You add the spells Sublimation of Blood, Wereblood and
                  | Summon Hydra to your library.
   486 | D:1      | Found a faded altar of an unknown god.
   878 | D:1      | Gained mutation: Your natural rate of healing is unusually
                  | fast. [potion of mutation]
   878 | D:1      | Gained mutation: You passively dampen the noise of your
                  | surroundings. [potion of mutation]
   935 | D:1      | Gained mutation: You have sharp toenails. [demonic
                  | ancestry]
   935 | D:1      | Reached XP level 3. HP: 26/28 MP: 3/3
  1032 | D:2      | Noticed Robin
  1106 | D:1      | Identified a scroll of acquirement
  1106 | D:1      | Acquired a +3 ring mail of fire resistance
  1154 | D:2      | Killed Robin
  1155 | D:2      | Reached XP level 4. HP: 32/34 MP: 1/4
  1218 | D:2      | Reached skill level 3 in Fighting
  1245 | D:2      | Noticed Jessica
  1248 | D:2      | Killed Jessica
  1249 | D:2      | Reached skill level 4 in Long Blades
  1400 | D:2      | Reached skill level 1 in Armour
  1406 | D:2      | Gained mutation: You are partially covered in molten
                  | scales. (AC +2) [demonic ancestry]
  1406 | D:2      | Reached XP level 5. HP: 19/41 MP: 5/5
  2464 | D:4      | You pick up a book of Decay and begin reading...
  2464 | D:4      | You add the spells Corpse Rot, Dispel Undead and Death
                  | Channel to your library.
  2506 | D:4      | Gained mutation: A meltable icy envelope protects you from
                  | harm. (AC +0) [demonic ancestry]
  2506 | D:4      | Reached XP level 6. HP: 48/48 MP: 6/6
  2550 | D:4      | Reached skill level 5 in Long Blades
  2550 | D:4      | Reached skill level 2 in Armour
  2577 | D:4      | Reached skill level 4 in Fighting
  2689 | D:4      | Lost mutation: You passively dampen the noise of your
                  | surroundings. [potion of mutation]
  2689 | D:4      | Lost mutation: Your natural rate of healing is unusually
                  | fast. [potion of mutation]
  2689 | D:4      | Gained mutation: Your muscles are strong. (Str +2) [potion
                  | of mutation]
  2689 | D:4      | Gained mutation: You have razor-sharp toenails. [potion of
                  | mutation]
  2689 | D:4      | Gained mutation: Your muscles are very strong. (Str +4)
                  | [potion of mutation]
  2698 | D:4      | Gained mutation: You are partially covered in sharp spines.
                  | [demonic ancestry]
  2698 | D:4      | Reached XP level 7. HP: 53/54 MP: 7/7
  2703 | D:4      | You pick up a book of Misfortune and begin reading...
  2703 | D:4      | You add the spells Slow, Confusing Touch and Yara's Violent
                  | Unravelling to your library.
  2741 | D:4      | You add the spells Conjure Flame, Ignite Poison and Sticky
                  | Flame to your library.
  3159 | D:5      | Entered Level 5 of the Dungeon
  3182 | D:5      | Found a staircase to the Ecumenical Temple.
  3197 | Temple   | Entered the Ecumenical Temple
  3202 | Temple   | Became a worshipper of Dithmenos the Shadowed
  3426 | D:5      | Found a broken altar of Ashenzari.
  3464 | D:5      | Reached skill level 3 in Armour
  3521 | D:5      | Reached skill level 6 in Long Blades
  3548 | D:5      | Noticed a shadow
  3550 | D:5      | Noticed a vampire mosquito
  3561 | D:5      | Killed a vampire mosquito
  3572 | D:5      | Killed a shadow
  3573 | D:5      | Reached skill level 5 in Fighting
  3573 | D:5      | Reached XP level 8. HP: 43/62 MP: 5/8
  3679 | D:5      | You pick up a book of Callings and begin reading...
  3679 | D:5      | You add the spells Summon Small Mammal, Call Canine
                  | Familiar and Summon Guardian Golem to your library.
  3867 | D:5      | Reached skill level 7 in Long Blades
  3960 | D:5      | Reached skill level 4 in Armour
  4332 | D:6      | Found Tores's Armour Shoppe.
  4335 | D:6      | Bought a +0 cloak for 58 gold pieces
  4716 | D:6      | Reached * piety under Dithmenos
  4846 | D:6      | Reached skill level 6 in Fighting
  4846 | D:6      | Reached skill level 8 in Long Blades
  4986 | D:6      | Noticed Edmund
  4998 | D:6      | Killed Edmund
  4999 | D:6      | Reached XP level 9. HP: 69/69 MP: 9/9
  5007 | D:6      | Reached skill level 5 in Armour
  5062 | D:6      | Found a basalt altar of Yredelemnul.
  5076 | D:6      | Found a burning altar of Makhleb.
  5469 | D:7      | You add the spells Tukima's Dance and Passage of Golubria
                  | to your library.
  5697 | D:7      | Found a flagged portal.
  5714 | Bailey   | Entered a bailey
  5757 | Bailey   | Reached skill level 9 in Long Blades
  5764 | Bailey   | Reached skill level 7 in Fighting
  5765 | Bailey   | Reached ** piety under Dithmenos
  5832 | Bailey   | Identified the +6 dagger of Ymyurusm {vorpal, rElec rCorr
                  | Int+2 Stlth-}
  6276 | D:8      | Reached skill level 6 in Armour
  6395 | D:8      | Reached skill level 3 in Dodging
  6431 | D:8      | Found a staircase to the Lair.
  7058 | Lair:1   | Entered Level 1 of the Lair of Beasts
  7095 | Lair:1   | Identified the +4 spear of the Wizarding Big Fish {speed,
                  | rN+ Str+2}
  7179 | Lair:1   | Noticed an eight-headed hydra
  7186 | Lair:1   | Gained mutation: You are mostly covered in molten scales.
                  | (AC +3) [demonic ancestry]
  7186 | Lair:1   | Reached XP level 10. HP: 79/79 MP: 10/10
  7205 | Lair:1   | Killed an eight-headed hydra
  7206 | Lair:1   | Reached skill level 10 in Long Blades
  7474 | Lair:1   | Noticed a cane toad
  7481 | Lair:1   | Killed a cane toad
  7519 | Lair:1   | Reached skill level 4 in Dodging
  7522 | Lair:1   | Reached skill level 8 in Fighting
  8127 | Lair:2   | Noticed a cane toad
  8133 | Lair:1   | Reached skill level 11 in Long Blades
  8135 | Lair:1   | Reached skill level 5 in Dodging
  8159 | Lair:1   | Killed a cane toad
  8294 | Lair:2   | Noticed an elephant
  8294 | Lair:2   | Noticed an elephant
  8294 | Lair:2   | Noticed an elephant
  8316 | Lair:1   | Killed an elephant
  8317 | Lair:1   | Reached XP level 11. HP: 86/87 MP: 11/11
  8341 | Lair:2   | Reached skill level 9 in Fighting
  8574 | Lair:2   | Noticed a six-headed hydra
  8609 | Lair:2   | Killed a six-headed hydra
  8609 | Lair:2   | Reached *** piety under Dithmenos
  8616 | Lair:2   | Reached skill level 6 in Dodging
  8641 | Lair:2   | Reached skill level 12 in Long Blades
  9429 | Lair:2   | Noticed an eight-headed hydra
  9443 | Lair:2   | Killed an eight-headed hydra
 10224 | Lair:2   | Reached **** piety under Dithmenos
 10232 | Lair:3   | Reached skill level 10 in Fighting
 10572 | Lair:3   | Reached skill level 7 in Dodging
 10665 | Lair:3   | You fall into a shaft and drop 2 floors!
 10693 | Lair:5   | Found a staircase to the Slime Pits.
 10694 | Lair:5   | Found a viscous altar of Jiyva.
 10768 | Lair:5   | Found a runed translucent door.
 10777 | Lair:5   | Mutation became permanent: You have sharp toenails.
                  | [demonic ancestry]
 10777 | Lair:5   | Gained mutation: You have razor-sharp toenails. [demonic
                  | ancestry]
 10777 | Lair:5   | Reached XP level 12. HP: 84/97 MP: 9/12
 10785 | Lair:4   | Noticed a six-headed hydra
 10794 | Lair:4   | Killed a six-headed hydra
 10937 | Lair:3   | You pick up a book of Dreams and begin reading...
 10937 | Lair:3   | You add the spells Ensorcelled Hibernation, Spider Form and
                  | Shadow Creatures to your library.
 11158 | Lair:3   | Reached skill level 13 in Long Blades
 11633 | Lair:3   | Found a staircase to the Snake Pit.
 11675 | Lair:3   | Noticed Fannar
 11695 | Lair:3   | Killed Fannar
 12255 | Lair:4   | Reached ***** piety under Dithmenos
 12260 | Lair:4   | Noticed a five-headed hydra
 12279 | Lair:4   | Killed a five-headed hydra
 12482 | Lair:4   | Reached skill level 8 in Dodging
 12523 | Lair:4   | Reached skill level 11 in Fighting
 13010 | Lair:4   | Reached skill level 14 in Long Blades
 13111 | Lair:4   | Identified the ring of the Harvest {Fly rPois Will+ Dex+4
                  | Stlth-}
 13647 | Lair:4   | Found a staircase to the Shoals.
 14089 | Lair:5   | Reached XP level 13. HP: 102/106 MP: 13/13
 14463 | Lair:5   | Reached skill level 1 in Shields
 14586 | Lair:5   | Noticed Worhasm's ghost (journeyman CeAM)
 14818 | Lair:5   | You are sucked into a shaft and drop 1 floor!
 14818 | Lair:6   | Entered Level 6 of the Lair of Beasts
 14870 | Lair:6   | Reached skill level 2 in Shields
 15137 | Lair:6   | You pick up a book of Armaments and begin reading...
 15137 | Lair:6   | You add the spells Stone Arrow, Animate Armour and
                  | Lehudib's Crystal Spear to your library.
 15141 | Lair:6   | You add the spells Mephitic Cloud and Bolt of Magma to your
                  | library.
 15216 | Lair:6   | Reached skill level 3 in Shields
 15539 | Lair:6   | Reached skill level 15 in Long Blades
 15580 | Lair:6   | Reached skill level 12 in Fighting
 15625 | Lair:6   | Reached skill level 4 in Shields
 17106 | Lair:6   | Gained mutation: You are mostly covered in sharp spines.
                  | [demonic ancestry]
 17106 | Lair:6   | Reached XP level 14. HP: 80/116 MP: 8/14
 17946 | D:9      | Found an opulent altar of Gozag.
 17946 | D:9      | Found a bloodstained altar of Trog.
 17968 | D:9      | Reached ****** piety under Dithmenos
 18567 | D:10     | Entered Level 10 of the Dungeon
 18994 | D:10     | You pick up a book of Air and begin reading...
 18994 | D:10     | You add the spells Shock, Swiftness and Airstrike to your
                  | library.
 19236 | D:11     | Found a flickering gateway to a bazaar.
 19242 | Bazaar   | Entered a bazaar
 19242 | Bazaar   | Found Wopaong's Book Shoppe.
 19242 | Bazaar   | Found Qad Malo's Antique Weapon Emporium.
 19243 | Bazaar   | Found Jasseceh's Antique Weapon Shoppe.
 19243 | Bazaar   | Found Avoej's Book Emporium.
 19360 | D:11     | Found a sacrificial altar of Ru.
 19611 | D:11     | Reached skill level 1 in Evocations
 20003 | D:11     | Reached skill level 9 in Dodging
 20445 | D:12     | Identified the +1 rapier of Mauju {vorpal, rElec Str+3
                  | Stlth-}
 20649 | D:12     | Found Jajeu's Magic Scroll Boutique.
 20653 | D:12     | Bought a scroll of enchant armour for 112 gold pieces
 20653 | D:12     | Bought a scroll of teleportation for 45 gold pieces
 20653 | D:12     | Bought a scroll of fear for 52 gold pieces
 20653 | D:12     | Bought a scroll of teleportation for 45 gold pieces
 20934 | D:12     | Reached skill level 2 in Evocations
 20940 | D:12     | Found a staircase to the Orcish Mines.
 21246 | Orc:1    | Entered Level 1 of the Orcish Mines
 21302 | D:12     | Reached skill level 16 in Long Blades
 22003 | Orc:1    | Noticed Erica
 22014 | Orc:1    | Killed Erica
 22309 | Orc:2    | Entered Level 2 of the Orcish Mines
 22568 | Orc:2    | Reached skill level 3 in Evocations
 23142 | Orc:2    | Identified a +2 robe of the Archmagi
 23152 | Orc:2    | Reached skill level 4 in Evocations
 23160 | Orc:2    | Found a one-way gate to the infinite horrors of the Abyss.
 23160 | Orc:2    | Noticed shadowrider38's ghost (journeyman VSBe)
 23185 | Orc:2    | Found a transporter.
 23215 | Orc:2    | Found a staircase to the Elven Halls.
 23308 | Orc:2    | HP: 18/116 [ice devil[an orc sorcerer] (16)]
 23309 | Orc:2    | Found Gikkajez's Antique Armour Emporium.
 23309 | Orc:2    | Found Vape's Jewellery Shop.
 23309 | Orc:2    | Found Xaytweuhul's Weapon Emporium.
 23309 | Orc:2    | Found Odyoz's Armour Shop.
 23869 | Orc:2    | Bought an embroidered scarf for 272 gold pieces
 23936 | Orc:2    | Found a transporter.
 24170 | Orc:2    | magus.rc [v1.11.3]
 24492 | D:13     | Reached skill level 10 in Dodging
 24492 | D:13     | Reached skill level 5 in Evocations
 24647 | D:13     | Noticed Sonja
 24661 | D:13     | Killed Sonja
 25176 | D:13     | Reached XP level 15. HP: 111/122 MP: 12/15
 25486 | D:13     | Reached skill level 17 in Long Blades
 25543 | D:13     | Found a gate to the Vaults.
 25818 | D:13     | You pick up a book of Displacement and begin reading...
 25818 | D:13     | You add the spells Lesser Beckoning, Gell's Gravitas and
                  | Teleport Other to your library.
 25849 | D:13     | Identified the -1 pair of boots of Liwnaeme {Int+3}
 26222 | D:14     | Reached skill level 6 in Evocations
 26224 | D:14     | Noticed Azrael
 26242 | D:14     | Killed Azrael
 26687 | D:14     | Noticed Frances
 26700 | D:14     | Killed Frances
 27236 | D:15     | Entered Level 15 of the Dungeon
 27701 | D:15     | Reached skill level 7 in Evocations
 27740 | D:15     | HP: 30/122 [burnt (5)]
 28189 | D:15     | Reached skill level 11 in Dodging
 28590 | D:15     | Identified Roxanne's Grimoire of Transmigration
 28590 | D:15     | Noticed Roxanne
 28603 | D:15     | HP: 27/122 [Roxanne/bolt of magma (30)]
 28605 | D:15     | Killed from afar by Roxanne

Vanquished Creatures
  Frances (D:14)
  Azrael (D:14)
  An ettin (D:12)
  4 vault guards (D:13)
  A boulder beetle (D:13)
  Fannar (Lair:3)
  An ice dragon (Lair:6)
  3 ogre magi
  9 hydras
  10 centaur warriors
  A death knight (D:11)
  7 death yaks (Lair:6)
  Erica (Orc:1)
  A catoblepas (Lair:6)
  A deep troll shaman (Lair:6)
  12 two-headed ogres
  4 orc high priests (Orc:2)
  A tengu warrior (D:15)
  Sonja (D:13)
  A wizard (D:14)
  A lindwurm (Lair:6)
  7 orc knights
  4 orc sorcerers (Orc:2)
  8 ugly things
  10 cyclopes
  2 manticores
  8 elephants
  A merfolk siren (Lair:4)
  5 black mambas
  A torpor snail (Lair:3)
  A gargoyle (D:11)
  2 unseen horrors
  6 cane toads
  6 rime drakes
  A yaktaur (D:15)
  A kobold demonologist (D:13)
  A tengu conjurer (D:15)
  14 komodo dragons
  2 freezing wraiths (D:11)
  2 trolls
  6 meliai
  5 polar bears
  A queen bee (D:13)
  15 blink frogs
  A merfolk (Lair:4)
  A hornet (D:9)
  6 slime creatures (D:15)
  4 dream sheep (Lair:6)
  2 shadows
  4 fire elementals (D:14)
  52 yaks
  A steam dragon (D:6)
  2 wraiths
  7 humans (D:13)
  3 wyverns
  4 basilisks
  7 vampire mosquitoes
  5 nagas (Lair:3)
  5 wargs
  Edmund (D:6)
  19 water moccasins
  2 acid dragons
  4 hell hounds (D:14)
  28 orc warriors
  A sky beast (D:8)
  3 necrophages
  4 black bears
  12 wolves
  18 centaurs
  3 ogres
  2 phantoms (D:5)
  18 bullfrogs
  A gnoll sergeant (D:10)
  A wyvern skeleton (D:7)
  22 killer bees
  2 water moccasin skeletons
  11 wights
  2 electric eels (Lair:3)
  4 centaur zombies
  4 hounds
  2 jellies
  25 orc priests
  A bullfrog skeleton (D:7)
  Jessica (D:2)
  24 orc wizards
  18 iguanas
  A scorpion zombie (D:5)
  12 hell rats
  A killer bee zombie (D:7)
  Robin (D:2)
  6 adders
  24 gnolls
  A river rat (Lair:2)
  3 ufetubi
  4 worms
  2 dart slugs
  93 orcs
  4 ball pythons
  5 endoplasms
  4 giant cockroaches
  18 goblins
  13 hobgoblins
  4 jackals (D:3)
  13 kobolds
  2 quokkas
  7 bats
  18 frilled lizards
  2 rats
747 creatures vanquished.

Vanquished Creatures (others)
  A vault guard (D:13)
  An orc (Orc:2)
  33 fungi
  29 plants
64 creatures vanquished.

Grand Total: 811 creatures vanquished

Table legend:
 A = Non-vault XP
 B = Vault XP
 C = Vault XP percentage of total XP
 D = Non-vault monster count
 E = Vault monster count
 F = Vault count percentage of total count
                 A         B        C        D         E       F
            +---------+---------+-------+---------+---------+-------
      Total |   90067 |   51825 |  36.5 |     480 |     267 |  35.7
            +---------+---------+-------+---------+---------+-------
        D:1 |      42 |       7 |  14.3 |      17 |       4 |  19.0
        D:2 |     119 |      66 |  35.7 |      25 |       9 |  26.5
        D:3 |      23 |      58 |  71.6 |       6 |       8 |  57.1
        D:4 |     147 |     351 |  70.5 |      15 |      16 |  51.6
        D:5 |     612 |     391 |  39.0 |      10 |       2 |  16.7
        D:6 |    1050 |     153 |  12.7 |      27 |       1 |   3.6
        D:7 |     700 |       0 |   0.0 |      17 |       0 |   0.0
        D:8 |     891 |       0 |   0.0 |      13 |       0 |   0.0
        D:9 |    1449 |     987 |  40.5 |      11 |       2 |  15.4
       D:10 |     684 |       0 |   0.0 |      12 |       0 |   0.0
       D:11 |    4036 |       0 |   0.0 |      18 |       0 |   0.0
       D:12 |    4712 |     299 |   6.0 |      26 |      32 |  55.2
       D:13 |    7528 |    8193 |  52.1 |      22 |      37 |  62.7
       D:14 |    9015 |    4604 |  33.8 |      16 |      10 |  38.5
       D:15 |   10062 |    6378 |  38.8 |      24 |      11 |  31.4
     Lair:1 |    4495 |    1046 |  18.9 |      19 |       5 |  20.8
     Lair:2 |    6545 |    1858 |  22.1 |      23 |      11 |  32.4
     Lair:3 |    3331 |    2966 |  47.1 |      19 |      33 |  63.5
     Lair:4 |    9619 |    2195 |  18.6 |      38 |       7 |  15.6
     Lair:5 |    3230 |    1137 |  26.0 |      15 |       2 |  11.8
     Lair:6 |   10962 |   11960 |  52.2 |      41 |      29 |  41.4
      Orc:1 |    2959 |     898 |  23.3 |      30 |       1 |   3.2
      Orc:2 |    7856 |    7442 |  48.6 |      36 |      30 |  45.5
     Bailey |       0 |     836 | 100.0 |       0 |      17 | 100.0
            +---------+---------+-------+---------+---------+-------

Illustrated notes

Table legend:
 A = Kills in this place as a percentage of kills in entire the game.
 B = Kills by you in this place as a percentage of kills by you in the entire game.
 C = Kills by friends in this place as a percentage of kills by friends in the entire game.
 D = Other kills in this place as a percentage of other kills in the entire game.
 E = Experience gained in this place as a percentage of experience gained in the entire game.
 F = Experience gained in this place divided by the number of levels of this place that you have seen.
                   A       B       C       D       E      F
               +-------+-------+-------+-------+-------+----------------------
         Total | 100.0 | 100.0 |   N/A |   N/A | 100.0 | 5457.4
       Dungeon |  52.3 |  52.3 |   N/A |   N/A |  44.1 | 4170.5
          Lair |  32.4 |  32.4 |   N/A |   N/A |  41.8 | 9890.7
  Orcish Mines |  13.0 |  13.0 |   N/A |   N/A |  13.5 | 9577.5
        Bailey |   2.3 |   2.3 |   N/A |   N/A |   0.6 | 836.0
               +-------+-------+-------+-------+-------+----------------------

Table legend: (Time is in decaauts)
 A = Elapsed time spent in this place.
 B = Non-inter-level travel time spent in this place.
 C = Inter-level travel time spent in this place.
 D = Time resting spent in this place.
 E = Time spent auto-exploring this place.
 F = Levels seen in this place.
 G = Mean time per level.
                   A        B        C        D        E       F      G
               +--------+--------+--------+--------+--------+-----+--------+
         Total |  28219 |  27516 |    703 |   5049 |  16523 |  26 | 1085.3 |
       Dungeon |  14922 |  14508 |    414 |   1863 |   9936 |  15 |  994.8 |
        Temple |    211 |    211 |      0 |      0 |    152 |   1 |  211.0 |
          Lair |  10237 |   9975 |    262 |   2257 |   5464 |   6 | 1706.2 |
  Orcish Mines |   2593 |   2566 |     27 |    929 |    939 |   2 | 1296.5 |
        Bazaar |     85 |     85 |      0 |      0 |      0 |   1 |   85.0 |
        Bailey |    168 |    168 |      0 |      0 |     31 |   1 |  168.0 |
               +--------+--------+--------+--------+--------+-----+--------+

Top non-repeatable levels by time:
  Lair:6: 2480 daAuts
  Lair:4: 1956 daAuts
  Lair:2: 1885 daAuts
  Lair:3: 1819 daAuts
    D:13: 1800 daAuts
    D:12: 1563 daAuts
    D:14: 1509 daAuts
   Orc:2: 1445 daAuts
  Lair:1: 1229 daAuts
   Orc:1: 1147 daAuts
     D:6: 1018 daAuts
     D:1: 988 daAuts
    D:15: 984 daAuts
     D:5: 968 daAuts
     D:8: 943 daAuts
